 Dungeon Crawl Stone Soup version 0.28.0-45-g0d030f2227 (webtiles) character file.

Game seed: 11889648045390024782

1044 DuloT34 the Skirmisher (level 8, -1/61 HPs)
             Began as a Djinni Fire Elementalist on May 25, 2022.
             Was a Believer of Elyvilon.
             Killed from afar by an orc wizard (10 damage)
             ... with a magic dart
             ... on level 7 of the Dungeon on May 26, 2022.
             The game lasted 00:23:04 (7900 turns).

DuloT34 the Skirmisher (Djinni Fire Elementalist)   Turns: 7900, Time: 00:23:04

Health: -1/61      AC:  5    Str:  7    XL:     8   Next: 49%
Gold:   234        EV: 12    Int: 19    God:    Elyvilon [**....] SH:  0 Dex: 14

rFire   + + .      SeeInvis .   e - +1 dagger (protect)
rCold   x . .      Faith    .   (no shield)
rNeg    + . .      Spirit   .   c - +2 robe {rN+}
rPois   ∞          Reflect  .   (no helmet)
rElec   .          Harm     .   p - +0 cloak
rCorr   .          Rampage  .   (no gloves)
Will    .....                   (boots unavailable)
Stlth   ++........              (no amulet)
HPRegen 0.20/turn               (no ring)
MPRegen 0.00/turn               (no ring)

@: flying
A: sickness immunity, fire resistance 2, cold vulnerability 1, float, innate
caster, HP casting, extra vitality 1
a: Renounce Religion, Purification, Heal Other


You were on level 7 of the Dungeon.
You worshipped Elyvilon.
Elyvilon was pleased with you.
You visited 2 branches of the dungeon, and saw 7 of its levels.
You also visited: Ossuary.

You collected 234 gold pieces.

Inventory:

Hand Weapons
 e - a +1 dagger of protection (weapon)
 r - a +2 quarterstaff of chaos
Armour
 a - a +0 robe
 c - a +2 robe of positive energy (worn)
 i - the +1 leather armour of Omission {rPois}
   (You found it on level 5 of the Dungeon)

   rPois:     It protects you from poison.
 p - a +0 cloak (worn)
Scrolls
 q - a scroll of summoning
 s - a scroll of identify
Potions
 b - a potion of berserk rage {unknown}
 d - 6 potions of invisibility
 f - a potion of might
 g - a potion of lignification {unknown}
 h - a potion of magic {unknown}
 j - 2 potions of heal wounds
 k - a potion of brilliance {unknown}
 l - a potion of mutation {unknown}
 m - 4 potions of haste
 n - 4 potions of curing {unknown}
 o - 2 potions of ambrosia {unknown}


   Skills:
 + Level 5.9 Fighting
 - Level 2.1 Dodging
 - Level 1.5 Stealth
 + Level 5.2 Spellcasting
 + Level 3.5 Invocations


You couldn't memorise any spells.
You knew the following spells:

 Your Spells              Type           Power      Damage    Failure   Level
a - Foxfire               Conj/Fire      96%        2x1d8     1%          1
b - Scorch                Fire           48%        2d7       2%          2
c - Conjure Flame         Conj/Fire      24%        6-21      4%          3
d - Inner Flame           Hex/Fire       24%        N/A       4%          3
e - Flame Wave            Conj/Fire      24%        2d7       14%         4
f - Sandblast             Erth           48%        2d12      1%          1
g - Corpse Rot            Necr/Air       48%        N/A       2%          2
h - Stone Arrow           Conj/Erth      48%        3d10      4%          3
Your spell library was empty.

Dungeon Overview and Level Annotations

Branches:
Dungeon (7/15)             Temple (1/1) D:5         Ossuary (visited)

Altars:
Dithmenos
Elyvilon
Fedhas
Hepliaklqana
Kikubaaqudgha
Nemelex Xobeh
Qazlal
Sif Muna
Uskayaw
Wu Jian
Yredelemnul
The Shining One

Shops:
D:3 :


Innate Abilities, Weirdness & Mutations

You are immune to sickness and miasma.
You are immune to poison.
Your flesh is very heat resistant. (rF++)
You are vulnerable to cold. (rC-)
You float through the air rather than walking.
You learn spells naturally, not from books.
Your magical power is your life essence.
You have superior vitality. (+4 MHP)


Message History

The foxfire hits the orc priest.
The orc priest is severely wounded.
The orc priest invokes the aid of Beogh against you.
Beogh smites you!
Casting: Foxfire (safe; 1% risk of failure)
Confirm with . or Enter, or press ? or * to list all spells.
Aiming: Stone Arrow (dangerous; 4% risk of failure)
Press: ? - help, Shift-Dir - straight line, f - orc priest
Aim: an orc priest, wielding a +0 war axe (severely wounded, ally target, 71% to hit)
You miscast Stone Arrow.
You are very lightly contaminated with residual magic.
Nothing appears to happen.
The foxfire hits the orc priest.
The orc priest is almost dead.
The foxfire hits the orc priest.
You kill the orc priest!
Casting: Stone Arrow (dangerous; 4% risk of failure)
Confirm with . or Enter, or press ? or * to list all spells.
You can't see any susceptible monsters within range! (Use Z to cast anyway.)
The orc wizard gestures wildly while chanting.
The orc wizard flickers and vanishes!
A bullfrog comes into view.
Your magical contamination has completely faded away.
Casting: Stone Arrow (dangerous; 4% risk of failure)
Confirm with . or Enter, or press ? or * to list all spells.
The fire begins to smoulder!
The fire ignites!
Casting: Conjure Flame (dangerous; 4% risk of failure)
Confirm with . or Enter, or press ? or * to list all spells.
The fire begins to smoulder!
A magic dart appears from out of thin air!
The magic dart hits you!
* * * LOW HITPOINT WARNING * * *
The orc priest calls down the wrath of Beogh upon you.
Beogh smites you!
* * * LOW HITPOINT WARNING * * *
You hear a shout!
The fire ignites!
A magic dart appears from out of thin air!
The magic dart hits you!
You die...

. ### ##. ..#
...#####.#
...F...#.#########
.......#.##o{§§..#
.........##.####@#
.........##.# #.#
...).{.o..{.# #.#
...###.###### #.#
.. #.# #.# #+# #.#
#.# #<# #.#


You could see an orc priest.

Vanquished Creatures
  A water moccasin (D:6)
  An ice beast (D:6)
  A hornet zombie (D:6)
  2 scorpions
  2 centaur zombies
  2 bullfrog zombies
  2 orc priests
  Crazy Yiuf (D:6)
  3 human zombies (Ossuary)
  A centaur skeleton (D:5)
  3 orc wizards (D:5)
  2 iguanas (D:6)
  A hound skeleton (D:5)
  4 mummies
  A gnoll (D:1)
  4 adders
  An adder zombie (D:5)
  A worm (D:2)
  3 dart slugs
  7 orcs
  5 endoplasms
  4 giant cockroaches
  8 hobgoblins
  2 jackals (D:2)
  6 kobolds
  7 ball pythons
  3 bats
  3 frilled lizards (D:1)
  A gnoll zombie (Ossuary)
  4 goblins (D:1)
  A hobgoblin zombie (Ossuary)
  A kobold zombie (Ossuary)
  An orc zombie (Ossuary)
  4 rats
93 creatures vanquished.

Vanquished Creatures (collateral kills)
  6 foxfires (D:1)
6 creatures vanquished.

Vanquished Creatures (others)
  339 foxfires
  20 plants (D:1)
359 creatures vanquished.

Grand Total: 458 creatures vanquished

Notes
Turn   | Place    | Note
-------+----------+-------------------------------------------
     0 | D:1      | DuloT34 the Djinni Fire Elementalist began the quest for
                  | the Orb.
     0 | D:1      | Reached XP level 1. HP: 15/15 MP: 0/0
   585 | D:1      | Reached skill level 1 in Fighting
   585 | D:1      | Reached XP level 2. HP: 9/22 MP: 0/0
   805 | D:1      | Found a faded altar of an unknown god.
  1257 | D:1      | Reached XP level 3. HP: 22/27 MP: 0/0
  1257 | D:1      | Learned a level 1 spell: Sandblast
  2383 | D:2      | Reached XP level 4. HP: 28/33 MP: 0/0
  2764 | D:2      | Noticed a scorpion
  2769 | D:2      | Killed a scorpion
  2770 | D:2      | Reached XP level 5. HP: 29/40 MP: 0/0
  2770 | D:2      | Learned a level 2 spell: Corpse Rot
  3438 | D:3      | Found Lizimax's Book Shoppe.
  3633 | D:3      | You are sucked into a shaft and drop 2 floors!
  3633 | D:5      | Entered Level 5 of the Dungeon
  3645 | D:5      | Reached XP level 6. HP: 35/46 MP: 0/0
  3967 | D:5      | Identified the +1 leather armour of Omission {rPois}
  3995 | D:5      | Found a staircase to the Ecumenical Temple.
  4004 | Temple   | Entered the Ecumenical Temple
  4179 | Temple   | Became a worshipper of Elyvilon the Healer
  4219 | D:5      | Found a sand-covered staircase.
  4228 | Ossuary  | Entered an ossuary
  4339 | Ossuary  | Reached XP level 7. HP: 41/53 MP: 0/0
  4339 | Ossuary  | Learned a level 3 spell: Stone Arrow
  4653 | Ossuary  | Reached skill level 1 in Invocations
  5552 | D:5      | Reached * piety under Elyvilon
  5690 | D:6      | Reached skill level 5 in Fighting
  6101 | D:6      | Noticed a water moccasin
  6109 | D:6      | Killed a water moccasin
  6110 | D:6      | Reached XP level 8. HP: 36/59 MP: 0/0
  6504 | D:6      | Reached skill level 5 in Spellcasting
  7244 | D:6      | Reached ** piety under Elyvilon
  7289 | D:6      | Found a runed translucent door.
  7290 | D:6      | Noticed Crazy Yiuf
  7690 | D:6      | Killed Crazy Yiuf
  7900 | D:7      | Killed from afar by an orc wizard

Illustrated notes

Levels and vault maps discovered:
D:1:      psy_arrival_dodecagon, layout_basic,
          hellmonk_ecumenical_altar_lost_god, serial_bayou_lagoon_a,
          minmay_misc_feat_hallway, minmay_pentomino_w4
D:2:      layout_basic, minivault_11
D:3:      layout_basic, grunt_temple_overflow_open, serial_shops, shop, shop,
          bh_walls_and_bars
D:5:      layout_cave_pools, minmay_temple_entry_glassed_door,
          gup_ossuary_entry_pyramid
D:6:      layout_gridville, uniq_crazy_yiuf_cottage
D:7:      layout_basic, doesnt_xom_only_xom, serial_shops, shop, uniq_menkaure
Temple:   minmay_temple_bridge_abc

Skill      XL: |  1  2  3  4  5  6  7  8 |
---------------+-------------------------+-----
Fighting       | 1 2 3 4 5 |  5.9
Spellcasting   | 3 4 5 |  5.2
Invocations    | 2 3 |  3.5
Dodging        | |  2.1
Stealth        | |  1.5

Action                   |  1- 3 |  4- 6 |  7- 9 || total
-------------------------+-------+-------+-------++-------
Melee: Dagger            |       |     5 |     1 ||     6
 Cast: Foxfire           |    87 |    60 |    60 ||   207
       Scorch            |     3 |    32 |    37 ||    72
       Stone Arrow       |       |       |    12 ||    12
       Conjure Flame     |       |       |     3 ||     3
  Use: Scroll            |     2 |    11 |     3 ||    16
Armor: Robe              |       |     4 |     5 ||     9
Dodge: Dodged            |     2 |    13 |    11 ||    26
